 Dungeon Crawl Stone Soup version 0.27.0-66-gdc8fb28755 (webtiles) character file.

Game seed: 13918040699956456920

100 sanka the Chopper (level 4, -7/37 HPs)
             Began as a Palentonga Abyssal Knight on Aug 20, 2021.
             Was a Follower of Lugonu.
             Mangled by a kobold brigand (10 damage)
             ... in a sewer.
             The game lasted 00:04:18 (3036 turns).

sanka the Chopper (Palentonga Abyssal Knight)       Turns: 3036, Time: 00:04:18

Health: -7/37      AC:  4    Str: 16    XL:     4   Next: 47%
Magic:  5/5        EV:  9    Int: 12    God:    Lugonu [*.....]
Gold:   62         SH:  0    Dex: 10    Spells: 3/3 levels left

rFire    . . .     SeeInvis +   a - +1 hand axe
rCold    + . .     Faith    .   (no shield)
rNeg     . . .     Spirit   .   b - +0 leather armour
rPois    .         Reflect  .   (no helmet)
rElec    .         Harm     .   (no cloak)
rCorr    .         Rampage  .   (no gloves)
Will     .....                  (no barding)
Stlth    +.........             (no amulet)
HPRegen  0.12/turn              g - ring of protection from cold
MPRegen  0.09/turn              (no ring)

@: invisible
A: large, rugged brown scales 3, see invisible, deformed body, roll 1, armoured
tail
a: Rolling Charge, Renounce Religion, Depart the Abyss


You were in a sewer.
You worshipped Lugonu.
Lugonu was aware of your devotion.
You visited 1 branch of the dungeon, and saw 3 of its levels.
You visited the Abyss 1 time.
You also visited: Sewer.

You collected 62 gold pieces.


Innate Abilities, Weirdness & Mutations

You are completely covered in rugged brown scales. (AC +3, +7% HP)
You have supernaturally acute eyesight. (SInv)
Armour fits poorly on your strangely shaped body.
You can roll at nearby foes to attack.
You have a long armoured tail.


   Skills:
 - Level 3.0 Fighting
 + Level 4.8 Axes
 - Level 1.5 Armour
 - Level 0.7 Dodging
 - Level 2.0 Invocations


You had 3 spell levels left.
You didn't know any spells.
Your spell library was empty.

Inventory:

Hand Weapons
 a - a +1 hand axe (weapon)
 v - a +0 hand crossbow
Missiles
 f - 12 poisoned darts (quivered)
 w - 12 bolts
Armour
 b - a +0 leather armour (worn)
Magical Staves
 q - a staff of fire
Jewellery
 g - a ring of protection from cold (left hand)
 k - a +6 ring of intelligence
Scrolls
 c - a scroll of blinking {unknown}
 e - a scroll of enchant armour {unknown}
 h - a scroll of identify {unknown}
 i - a scroll of teleportation {unknown}
 j - 3 scrolls of fear {unknown}
 l - a scroll of vulnerability {unknown}
 m - a scroll of magic mapping {unknown}
 n - a scroll of enchant weapon {unknown}
 r - a scroll of immolation {unknown}
 s - a scroll of holy word {unknown}
Potions
 o - a potion of cancellation
 p - a potion of mutation {unknown}
 t - a potion of heal wounds {unknown}
 u - a potion of invisibility

Dungeon Overview and Level Annotations

Branches:
Dungeon (3/15)              Sewer (1/1)

Altars:
Nemelex Xobeh

Shops:
D:1 ! D:2

:
▒▒....≈≈P▒≈≈≈▒......▒
▒.....≈≈▒≈≈≈▒≈≈....▒
▒......≈▒≈≈≈▒P≈...▒▒
▒.......▒≈≈≈≈≈≈...▒▒
▒.....f.▒≈≈≈≈≈≈....▒
▒.......▒≈≈≈▒≈..)▒▒▒
▒▒▒.....▒≈≈≈▒..).▒
▒▒▒''▒▒≈≈≈▒▒')▒▒
▒.HK.▒≈≈≈▒....▒
▒.K..▒≈≈≈▒....▒
▒..∩.▒≈≈≈▒.∩.[▒
▒!.!.▒≈≈≈▒....▒
▒▒▒▒▒▒≈≈†▒▒▒▒▒▒
▒≈≈≈'...▒ ▒≈≈≈▒.∩∩▒
▒≈≈≈▒...▒ ▒▒▒▒▒▒▒▒▒


You could see a kobold brigand and a kobold.


Message History

The kobold hits you but does no damage.
You closely miss the kobold brigand.
You tail-slap the kobold brigand, but do no damage.
You closely miss the kobold.
The kobold brigand hits you with a +0 short sword.
* * * LOW HITPOINT WARNING * * *
It was a potion of curing.
The kobold hits you but does no damage.
The kobold brigand hits you with a +0 short sword.
* * * LOW HITPOINT WARNING * * *
The kobold hits you with a +0 club.
* * * LOW HITPOINT WARNING * * *
The kobold brigand hits you with a +0 short sword.
* * * LOW HITPOINT WARNING * * *
You barely miss the kobold brigand. You barely miss the kobold.
The kobold hits you with a +0 club.
* * * LOW HITPOINT WARNING * * *
The kobold brigand closely misses you.
It was a potion of cancellation.
You feel magically purged. The kobold hits you with a +0 club.
* * * LOW HITPOINT WARNING * * *
The kobold brigand hits you with a +0 short sword.
* * * LOW HITPOINT WARNING * * *
It was a potion of invisibility.
You fade into invisibility!
The kobold barely misses you.
The kobold brigand hits you with a +0 short sword!
You die...

Action                   |  1- 3 |  4- 6 || total
-------------------------+-------+-------++-------
Melee: Hand axe          |    82 |    53 ||   135
       Tailslap          |     5 |     8 ||    13
Invok: Depart the Abyss  |     1 |       ||     1
 Abil: Rolling Charge    |     2 |       ||     2
  Use: Potion            |       |     4 ||     4
Armor: Leather armour    |    26 |    22 ||    48
Dodge: Dodged            |    43 |    36 ||    79

Levels and vault maps discovered:
D:1:      ncdulo_halloftheorcs, layout_basic, serial_shops,
          nicolae_shop_statue_plus, chequers_ecumenical_altar_simple_redux,
          corexii_corridor_pit, minmay_stone_trees_small
D:2:      layout_loops_corners, serial_shops, shop
D:3:      layout_loops_cross, nemelex_dance_club_becter, gup_sewer_entry_glass
Sewer:    kennysheep_pipe_town

Notes
Turn   | Place    | Note
-------+----------+-------------------------------------------
     0 | Abyss:1  | sanka the Palentonga Abyssal Knight began the quest for the
                  | Orb.
     0 | Abyss:1  | Reached XP level 1. HP: 19/19 MP: 2/2
    36 | Abyss:1  | Noticed a large abomination
    59 | Abyss:1  | Noticed an iron imp
    71 | Abyss:1  | Noticed a wretched star
    75 | D:1      | Escaped the Abyss
   160 | D:1      | Found Gosu's Distillery.
   463 | D:1      | Reached XP level 2. HP: 25/25 MP: 3/3
   466 | D:1      | Reached * piety under Lugonu
   485 | D:1      | Found a faded altar of an unknown god.
   494 | D:1      | Reached skill level 3 in Axes
  1387 | D:2      | Reached XP level 3. HP: 30/31 MP: 4/4
  1729 | D:2      | Found Tiqethoe's Book Boutique.
  2197 | D:3      | Reached skill level 4 in Axes
  2227 | D:3      | Found a sparkling altar of Nemelex Xobeh.
  2347 | D:3      | Found a glowing drain.
  2372 | D:3      | Reached XP level 4. HP: 16/37 MP: 5/5
  2595 | Sewer    | Entered a sewer
  3023 | Sewer    | Noticed a kobold brigand
  3035 | Sewer    | HP: 3/37 [kobold brigand (6)]
  3036 | Sewer    | Mangled by a kobold brigand

Vanquished Creatures
  A gnoll (D:1)
  3 adders (D:3)
  An orc (D:3)
  5 bats
  6 endoplasms
  6 giant cockroaches
  5 goblins
  3 hobgoblins
  2 jackals (D:2)
  2 quokkas (D:2)
  5 ball pythons
  5 frilled lizards
  11 kobolds
  5 rats
60 creatures vanquished.

Vanquished Creatures (others)
  A fungus (Sewer)
  A plant (Sewer)
2 creatures vanquished.

Grand Total: 62 creatures vanquished
